 Dungeon Crawl Stone Soup version 0.22-a0-247-gbddf880757 (webtiles) character file.

70 Peterchen the Chopper (level 4, -9/58 HPs)
             Began as a Minotaur Berserker on Feb 26, 2018.
             Was a Believer of Trog.
             Mangled by a gnoll
             ... wielding a cursed +0 flail
              (12 damage)
             ... on level 3 of the Dungeon.
             The game lasted 00:02:05 (1339 turns).

Peterchen the Chopper (Minotaur Berserker)          Turns: 1339, Time: 00:02:06

Health: -9/58      AC:  4    Str: 28    XL:     4   Next: 3%
Magic:  3/3        EV: 12    Int:  4    God:    Trog [**....]
Gold:   115        SH:  0    Dex:  9    Spells: 3/3 levels left

rFire    . . .     SeeInvis .   a - +0 hand axe
rCold    . . .     Gourm    .   (no shield)
rNeg     . . .     Faith    .   b - +0 animal skin
rPois    .         Spirit   .   (helmet restricted)
rElec    .         Reflect  .   (no cloak)
rCorr    .         Harm     .   e - +0 pair of gloves
MR       .....                  j - +0 pair of boots (curse)
Stlth    ..........             (no amulet)
HPRegen  0.19/turn              (no ring)
MPRegen  0.08/turn              (no ring)

@: berserking (expiring), very quick
A: retaliatory headbutt, horns 2
a: Berserk, Trog's Hand, Renounce Religion


You were on level 3 of the Dungeon.
You worshipped Trog.
Trog was pleased with you.
You were very hungry.

You visited 1 branch of the dungeon, and saw 3 of its levels.

You collected 115 gold pieces.

Inventory:

Hand Weapons
 a - a +0 hand axe (weapon)
Armour
 b - a +0 animal skin (worn)
 e - a +0 pair of gloves (worn)
 j - a cursed +0 pair of boots (worn)
Scrolls
 d - a scroll of fog {unknown}
 g - a scroll of blinking {unknown}
 k - a scroll of noise {unknown}
 p - a scroll of remove curse {unknown}
 q - a scroll of enchant weapon {unknown}
 r - a scroll of magic mapping {unknown}
Potions
 f - a potion of curing {unknown}
 i - a potion of invisibility {unknown}
 l - 2 potions of lignification {unknown}
 m - 2 potions of berserk rage {unknown}
 n - a potion of might {unknown}
 o - 2 potions of flight {unknown}
Comestibles
 c - 6 rations
 h - a chunk of flesh


   Skills:
 - Level 3.6 Fighting
 * Level 6.0 Axes
 - Level 2.4 Armour
 - Level 2.1 Dodging


You had 3 spell levels left.
You didn't know any spells.

Dungeon Overview and Level Annotations

Branches:
Dungeon (3/15)

Altars:
The Shining One


Innate Abilities, Weirdness & Mutations

You reflexively headbutt those who attack you in melee.
You have a pair of horns on your head.


Message History

The gnoll hits you from afar with a halberd.
The gnoll hits you with a halberd!
* * * LOW HITPOINT WARNING * * *
You slash the gnoll!
You kill the gnoll!
Trog accepts your kill. The gnoll barely misses you.
The gnoll hits you with a flail.
* * * LOW HITPOINT WARNING * * *
You see here a halberd.
You hit the gnoll but do no damage. Your headbutt misses the gnoll.
You hit the gnoll. The gnoll barely misses you. You furiously retaliate!
You headbutt the gnoll!
You kill the gnoll!
Trog accepts your kill.
Your Axes skill increases to level 6!
You have reached level 4!
You feel stronger.
You closely miss the gnoll. The gnoll hits you with a flail!
You die...

#.# #.# #### #.#
..# #.# # #.# #.#
#.####.###.######
#.)@)........<(.#
#.g###..........#
#.. #.....(....#
##. #.....()...#
#..............#
###.##.....>...#
#. #.........# .
#.........# ##
#.........#


You could see a gnoll.

Vanquished Creatures
  3 gnolls (D:3)
  A dart slug (D:1)
  3 leopard geckos
  2 giant cockroaches (D:2)
  A goblin (D:2)
  4 hobgoblins
  7 kobolds
  7 bats
  3 frilled lizards
  5 rats
36 creatures vanquished.

Notes
Turn   | Place    | Note
-------+----------+-------------------------------------------
     0 | D:1      | Peterchen the Minotaur Berserker began the quest for the Orb.
     0 | D:1      | Reached XP level 1. HP: 19/19 MP: 0/0
    64 | D:1      | Reached skill level 4 in Axes
   127 | D:1      | Reached XP level 2. HP: 26/26 MP: 1/1
   825 | D:2      | Reached skill level 5 in Axes
   907 | D:2      | Reached XP level 3. HP: 31/31 MP: 2/2
   989 | D:2      | Found a glowing golden altar of the Shining One.
  1048 | D:2      | Reached ** piety under Trog
  1337 | D:3      | HP: 2/46 [gnoll/flail (5)]
  1338 | D:3      | Reached skill level 6 in Axes
  1338 | D:3      | Reached XP level 4. HP: 3/39 MP: 3/3
  1339 | D:3      | Mangled by a gnoll

Vault maps used:
D:1:      dpeg_arrival_chase, corexii_hall_statues_t, hangedman_decor_points
D:2:      tso_metal_star
D:3:      cheibrodos_greedy_goblins, nicolae_overflow_crystal_walls,
          lemuel_zombie_altar_yredelemnul, old_standard_altar,
          overflow_temple_1_default, first_ration

Skill      XL: |  1  2  3 |
---------------+----------+-----
Axes           | 4 5 6 |  6.0
Fighting       | |  3.6
Armour         | |  2.4
Dodging        | |  2.1

Action                   |  1- 3 |  4- 6 || total
-------------------------+-------+-------++-------
Melee: Hand axe          |    73 |     1 ||    74
       Headbutt          |    13 |       ||    13
Invok: Berserk           |     1 |       ||     1
 Stab: Sleeping          |     2 |       ||     2
  Eat: Chunk             |     1 |       ||     1
Armor: Animal skin       |    20 |       ||    20
Dodge: Dodged            |    67 |       ||    67

Table legend:
 A = Spawn XP
 B = Non-spawn XP
 C = Spawn XP percentage of total XP
 D = Spawn monster count
 E = Non-spawn monster count
 F = Spawn count percentage of total count
 G = Total turns spent on level
                    A         B        C        D         E        F      G
               +---------+---------+-------+---------+---------+-------+---------
         Total |       0 |     100 |   0.0 |       0 |      36 |   0.0 |  1339
               +---------+---------+-------+---------+---------+-------+---------
           D:1 |       0 |      26 |   0.0 |       0 |      15 |   0.0 |   728
           D:2 |       0 |      28 |   0.0 |       0 |      16 |   0.0 |   588
           D:3 |       0 |      46 |   0.0 |       0 |       5 |   0.0 |    23
               +---------+---------+-------+---------+---------+-------+---------
